 Dungeon Crawl Stone Soup version 0.12.2-22-g286eab9 (webtiles) character file.

8994 Gabry the Hoplite (level 11, 92/92 HPs)
             Began as a Minotaur Fighter on Aug 29, 2013.
             Forgot to breathe
             ... caused by an orange crystal statue
             ... on Level 10 of the Dungeon.
             The game lasted 01:21:39 (10926 turns).

Gabry the Hoplite (Minotaur Fighter)               Turns: 10926, Time: 01:21:39

HP  92/92        AC 24     Str 24      XL: 11   Next: 15%
MP   7/7         EV  6     Int -3 (8)  God:
Gold 122         SH 26     Dex 13      Spells:  0 memorised, 10 levels left

Res.Fire  : . . .   See Invis. : .   g - +2,+5 orc mace (protect)
Res.Cold  : . . .   Warding    : +   s - +0 splint mail
Life Prot.: + . .   Conserve   : .   c - +0 shield
Res.Poison: +       Res.Corr.  : .   (helmet restricted)
Res.Elec. : .       Clarity    : .   G - +2 cloak {MR}
Sust.Abil.: . .     Spirit.Shd : .   f - +2 pair of gauntlets {Dex+3}
Res.Mut.  : .       Stasis     : .   t - +0 pair of boots
Res.Rott. : .       Ctrl.Telep.: .   l - amulet of warding
Saprovore : . . .   Flight     : .   a - ring of poison resistance
                                     J - +3 ring of intelligence

@: lost intelligence, very slow, quite resistant to hostile enchantments,
extremely unstealthy
A: retaliatory headbutt, horns 2
a: no special abilities


You were on level 10 of the Dungeon.
You were not hungry.

You visited 2 branches of the dungeon, and saw 11 of its levels.
You also visited: Bailey.

You collected 394 gold pieces.
You spent 292 gold pieces at shops.

Inventory:

Hand weapons
 e - a cursed +0,-2 sabre
 g - a +2,+5 orcish mace of protection (weapon)
 i - a +3,+2 scimitar of freezing
 j - a +1,+3 dagger of venom (quivered)
 u - a +1,+3 orcish dagger
 E - a +0,+2 orcish spear of flaming
 F - a -1,+1 orcish hammer of draining
 H - a +0,+2 quarterstaff of distortion
Armour
 c - a +0 shield (worn)
 f - a +2 pair of gauntlets of dexterity (worn)
 s - a +0 splint mail (worn)
 t - a +0 pair of boots (worn)
 C - a +0 pair of elven boots
 G - a +2 cloak of magic resistance (worn)
Magical devices
 q - a wand of digging (10)
 r - a wand of digging (16)
 w - a wand of invisibility (3) {unknown}
 A - a wand of slowing (3)
 K - a wand of magic darts (5)
Comestibles
 d - 8 bread rations
Scrolls
 b - 2 scrolls of teleportation
 m - a scroll of fog
 y - a scroll of remove curse
 z - 2 scrolls of amnesia {unknown}
 I - a scroll of magic mapping
Jewellery
 a - a ring of poison resistance (right hand)
 k - an uncursed amulet of faith
 l - an amulet of warding (around neck)
 n - an uncursed ring of protection from magic {unknown}
 p - an uncursed amulet of the gourmand
 J - a +3 ring of intelligence (left hand)
 L - an uncursed ring of hunger {unknown}
Potions
 h - a potion of invisibility
 o - a potion of restore abilities
 B - 2 potions of heal wounds
 D - 4 potions of curing
Books
 v - a book of Party Tricks

   Spells                             Type                      Level
   Summon Butterflies                 Summoning                    1
   Apportation                        Translocation                1
   Blink                              Translocation                2
   Alistair's Intoxication            Transmutation/Poison         4
   Tukima's Dance                     Hexes                        5
 x - a book of Cantrips

   Spells                             Type                      Level
   Confusing Touch                    Hexes                        1
   Animate Skeleton                   Necromancy                   1
   Summon Small Mammals               Summoning                    1
   Apportation                        Translocation                1


   Skills:
 + Level 8.4 Fighting
 + Level 10.4 Maces & Flails
 + Level 0.4 Throwing
 + Level 10.0 Armour
 + Level 7.1 Dodging
 + Level 1.0 Stealth
 + Level 0.6 Stabbing
 - Level 11.4 Shields
 - Level 2.0 Traps
 + Level 2.2 Evocations


You had 10 spell levels left.
You didn't know any spells.

Dungeon Overview and Level Annotations

Branches:
Dungeon (10/27)            Temple (1/1) D:6             Orc (0/4) D:9
   Lair (0/8) D:9

Altars:
Ashenzari
Cheibriados
Elyvilon
Fedhas
Kikubaaqudgha
Makhleb
Nemelex Xobeh
Okawaru
Sif Muna
Trog
Vehumet
Xom
Yredelemnul
Zin
the Shining One
Beogh
Lugonu

Shops:
D:7: [

Annotations
D:10 exclusion: orange crystal statue


Innate Abilities, Weirdness & Mutations

You reflexively headbutt those who attack you in melee.
You have a pair of horns on your head.


Message History

HP restored.
You start resting.
You feel less confused.
You start resting.
Magic restored.
You start waiting.
You start waiting.
You faint for lack of intelligence.
You can move again.
You start waiting.
You faint for lack of intelligence.
You can move again.
You start waiting.
You faint for lack of intelligence.
You can move again.
You start waiting.
You faint for lack of intelligence.
You can move again.
You start waiting.
You die...

#.#.##......)...# .
####.#.##.......#.###.#
#..................>....
########.#.###############
#........)..)........
#####....)...........
#.####....(....#
#....###.....###
#)##@..##...##
#####%####..#...# #...%.#
##.##.###### #.###.#
#..#!##......# #..#
##.#8##......#
#.#######.#.##......#
#.##.........#......## #
#.#.......#..#........
#.#.#.#.....#..#.f....##


There were no monsters in sight!

Vanquished Creatures
  An ogre mage (D:10)
  A hill giant (D:10)
  A two-headed ogre (D:10)
  12 yaks
  3 hungry ghosts
  A wraith (D:9)
  A fire drake (D:9)
  2 hippogriffs
  2 manticores
  A wyvern zombie (D:9)
  Menkaure (D:4)
  A soldier ant (D:9)
  A cyclops skeleton (D:9)
  3 ice beasts
  7 ogres
  4 orc warriors
  A phantom (D:7)
  3 centaurs
  2 sky beasts
  A giant frog zombie (D:6)
  A lava worm (D:9)
  5 giant frogs
  Blork the orc (D:7)
  A giant frog skeleton (D:6)
  2 lava fish (D:9)
  2 killer bees (D:9)
  5 goliath beetles
  2 quasits (D:8)
  5 wights (D:9)
  8 crimson imps
  An ogre zombie (D:6)
  7 orc priests
  A shadow (D:9)
  7 hounds
  6 scorpions
  13 orc wizards
  7 worker ants
  A worker ant zombie (D:4)
  4 iguanas
  Ijyb (D:3)
  Jessica (D:2)
  2 jellies
  12 adders
  A giant centipede (D:8)
  8 gnolls
  A worm (D:7)
  A giant mite (D:9)
  A giant eyeball (D:4)
  8 giant geckos
  An ooze (D:3)
  42 orcs
  25 bats
  12 giant cockroaches
  8 goblins
  13 hobgoblins
  7 jackals (D:3)
  3 quokkas
  3 ball pythons
  4 giant newts
  A hobgoblin skeleton (D:5)
  14 kobolds
  21 rats
  2 ballistomycetes (D:10)
  A butterfly (D:9)
321 creatures vanquished.

Vanquished Creatures (others)
  A hobgoblin (D:9)
  2 giant spores
3 creatures vanquished.

Grand Total: 324 creatures vanquished

Notes
Turn   | Place    | Note
--------------------------------------------------------------
     0 | D:1      | Gabry, the Minotaur Fighter, began the quest for the Orb.
     0 | D:1      | Reached XP level 1. HP: 19/19 MP: 0/0
   264 | D:1      | Reached XP level 2. HP: 26/26 MP: 0/0
   538 | D:1      | Reached skill level 4 in Fighting
   865 | D:2      | Found a burning altar of Makhleb.
   870 | D:2      | Reached XP level 3. HP: 33/33 MP: 1/1
  1124 | D:2      | Reached XP level 4. HP: 37/40 MP: 1/1
  1218 | D:2      | Found a bloodstained altar of Trog.
  1232 | D:2      | Noticed Jessica
  1243 | D:2      | Killed Jessica
  1243 | D:2      | Reached skill level 1 in Dodging
  1598 | D:3      | Noticed Ijyb
  1607 | D:3      | Killed Ijyb
  1607 | D:3      | Reached skill level 5 in Shields
  1870 | D:3      | Reached XP level 5. HP: 42/46 MP: 1/1
  2681 | D:4      | Paralysed by a giant eyeball for 2 turns
  2722 | D:4      | Reached XP level 6. HP: 42/53 MP: 2/2
  2819 | D:4      | Reached skill level 5 in Armour
  2850 | D:4      | Reached skill level 6 in Shields
  2861 | D:4      | Reached skill level 1 in Traps
  2949 | D:4      | Noticed Menkaure
  2970 | D:5      | Entered Level 5 of the Dungeon
  3216 | D:5      | Paralysed by a potion of paralysis for 2 turns
  3233 | D:4      | Killed Menkaure
  3233 | D:4      | Reached XP level 7. HP: 57/60 MP: 2/2
  3454 | D:4      | Found a blossoming altar of Fedhas.
  3926 | D:5      | Reached skill level 5 in Fighting
  3926 | D:5      | Reached skill level 5 in Maces & Flails
  3926 | D:5      | Reached skill level 7 in Shields
  3926 | D:5      | Reached skill level 1 in Evocations
  3943 | D:5      | Found a glowing golden altar of the Shining One.
  4035 | D:5      | Reached XP level 8. HP: 60/68 MP: 3/3
  4961 | D:6      | Reached skill level 8 in Shields
  4965 | D:6      | Found a sparkling altar of Nemelex Xobeh.
  4987 | D:6      | Found a staircase to the Ecumenical Temple.
  5054 | Temple   | Entered the Ecumenical Temple
  5418 | D:6      | Reached XP level 9. HP: 59/74 MP: 4/4
  5874 | D:7      | Noticed Blork the orc
  5879 | D:7      | Killed Blork the orc
  6012 | D:7      | Found a glowing silver altar of Zin.
  6096 | D:7      | Reached skill level 9 in Shields
  6488 | D:7      | Found Uplasoal's Armour Shop.
  6558 | D:7      | Found an iron altar of Okawaru.
  6591 | D:7      | Bought a +2 cloak of magic resistance for 292 gold pieces
  6633 | D:7      | Altare circondato da fuoco
  6744 | D:8      | Found a flagged portal.
  6786 | Bailey   | Entered a bailey
  6786 | Bailey   | Noticed an orc knight
  6787 | Bailey   | Noticed an orc knight
  6788 | Bailey   | Noticed an orc knight
  6872 | Bailey   | Noticed hurdos' ghost (experienced MiMo)
  6882 | Bailey   | Noticed an orc knight
  7004 | D:8      | Found a snail-covered altar of Cheibriados.
  7450 | D:8      | Found a basalt altar of Yredelemnul.
  7597 | D:8      | Reached skill level 5 in Dodging
  7970 | D:8      | Reached skill level 10 in Shields
  7990 | D:8      | Reached XP level 10. HP: 80/83 MP: 5/5
  8747 | D:9      | Found a staircase to the Orcish Mines.
  8809 | D:9      | Found a staircase to the Lair.
  8814 | D:9      | Found a roughly hewn altar of Beogh.
  9123 | D:9      | Reached skill level 11 in Shields
  9612 | D:9      | Reached skill level 1 in Stealth
 10506 | D:10     | Entered Level 10 of the Dungeon
 10581 | D:10     | Noticed a hill giant
 10589 | D:10     | Killed a hill giant
 10679 | D:10     | Reached XP level 11. HP: 90/92 MP: 6/6
 10703 | D:10     | Reached skill level 10 in Maces & Flails
 10716 | D:10     | Noticed an ogre mage
 10735 | D:10     | Killed an ogre mage
 10735 | D:10     | Reached skill level 10 in Armour
 10835 | D:10     | Lost intelligence.
 10926 | D:10     | Forgot to breathe ... caused by an orange crystal statue

Action                   |  1- 3 |  4- 6 |  7- 9 | 10-12 || total
-------------------------+-------+-------+-------+-------++-------
Melee: Mace              |    78 |    87 |   522 |   477 ||  1164
       Hammer            |       |   119 |    17 |       ||   136
Throw: Dagger            |       |       |     6 |       ||     6
       Spear             |       |       |     3 |       ||     3
Evoke: Wand              |       |     5 |    12 |     8 ||    25
  Use: Scroll            |     2 |     9 |    13 |     5 ||    29
       Potion            |       |     9 |     2 |     2 ||    13
 Stab: Invisible         |       |       |     2 |       ||     2
